Map: Ephemeron LE

Players

sandboX

  • Race: Zerg Zerg
  • League: Gold
  • Spawn Location: 5:00

Napalm - Winner!

  • Race: Zerg Zerg
  • League: Gold
  • Spawn Location: 11:00

VOD

Have the link to the VOD?

Description

Time

  • Played on: Aug. 20, 2019, 9:20 p.m.
  • Length: 8:59
Show
View Real Time Build Order
Export as new Build Order

sandboX Zerg 

Build Orders: Hatch First, Zergling Baneling 

Get SALT Encoding   

  12  0:01  Drone  
  13  0:12  Overlord  
  13  0:19  Drone  
  14  0:30  Drone x2  
  16  0:36  Drone  
  17  0:57  Drone, Hatchery  
  17  1:00  Drone  
  18  1:08  Extractor  
  17  1:17  Spawning Pool  
  16  1:20  Drone  
  16  1:23  Drone  
  18  1:33  Drone  
  19  1:42  Overlord  
  19  2:04  Zergling x4  
  19  2:05  Queen  
  23  2:09  Queen  
  23  2:11  Metabolic Boost  
  23  2:13  Zergling x2  
  26  2:25  Drone x3  
  29  2:38  Zergling x4  
  31  2:50  Hatchery  
  30  2:57  Baneling Nest  
  29  3:10  Zergling x8  
  33  3:18  Drone x3  
  36  3:28  Overlord  
  36  3:31  Overlord  
  33  3:44  Zergling x8  
  35  3:50  Baneling  
  35  3:51  Baneling x4  
  35  3:52  Baneling  
  35  3:58  Zergling x4  
  37  4:08  Zergling x8  
  38  4:21  Zergling x6  
  36  4:33  Zergling x12  
  36  4:37  Overlord  
  42  4:40  Baneling x2  
  42  4:41  Baneling  
  42  4:47  Baneling x4  
  42  4:53  Zergling x4  
  43  5:21  Zergling x18  
  36  5:50  Drone x7  
  42  5:59  Baneling x3  
  42  6:00  Baneling x7  
  42  6:06  Drone x2  
  40  6:34  Drone x11  
  40  6:39  Queen  
  53  6:51  Overlord x3  
  53  6:58  Roach Warren  
  52  7:02  Extractor  
  52  7:04  Extractor  
  54  7:30  Drone x8  
  54  7:36  Lair  
  57  7:39  Evolution Chamber  
  57  7:43  Evolution Chamber  
  54  7:49  Roach  
  54  7:50  Roach x9  
  72  8:03  Overlord x3  
  70  8:17  Roach x2  
  70  8:18  Roach  
  66  8:23  Roach x4  
  64  8:32  Zergling x2  
Show
View Real Time Build Order
Export as new Build Order

Napalm Zerg - Winner!

Build Orders: Hatch First 

Get SALT Encoding   

  12  0:01  Drone  
  13  0:12  Overlord  
  13  0:18  Drone  
  14  0:30  Drone x2  
  16  0:51  Hatchery  
  15  0:59  Drone x2  
  15  1:01  Drone  
  18  1:04  Extractor  
  17  1:21  Spawning Pool  
  16  1:28  Drone x2  
  16  1:32  Drone  
  19  1:42  Overlord  
  19  2:08  Queen x2  
  21  2:09  Metabolic Boost  
  21  2:13  Zergling x2  
  21  2:15  Zergling x2  
  25  2:27  Drone x2  
  25  2:28  Drone  
  25  2:29  Drone  
  29  2:41  Zergling x2  
  29  2:42  Zergling x4  
  32  2:57  Baneling Nest  
  31  3:09  Hatchery  
  31  3:12  Drone x2  
  32  3:13  Drone  
  33  3:28  Overlord  
  31  3:47  Zergling x2  
  32  3:50  Zergling x4  
  32  3:51  Zergling x6  
  32  3:52  Baneling x2  
  37  3:58  Drone  
  37  3:59  Overlord, Drone x3  
  37  4:01  Overlord  
  32  4:32  Zergling x6  
  32  4:33  Zergling x12  
  32  4:34  Zergling x6  
  44  4:39  Roach Warren  
  43  4:48  Spine Crawler  
  43  4:49  Spine Crawler  
  41  4:58  Baneling x3  
  41  5:20  Roach  
  41  5:21  Roach x7  
  53  5:22  Roach  
  51  5:43  Queen  
  51  5:45  Drone x7  
  58  6:02  Roach  
  59  6:31  Overlord x3  
  59  6:47  Hatchery, Queen  
  60  6:56  Roach x3  
  60  6:57  Roach x6  
  78  7:06  Evolution Chamber  
  78  7:07  Evolution Chamber  
  76  7:10  Roach  
  76  7:11  Roach  
  76  7:15  Extractor  
  76  8:06  Zergling x2  
  76  8:07  Zergling x24  
  83  8:22  Queen  
  83  8:23  Drone x4  
Tags
 
Add a new tag
Caveats
  • Supply blocks, unpowered buildings, or Contaminate may cause inaccurate times.
  • Supply counts are checked every 10 seconds.